 Dungeon Crawl Stone Soup version 0.25.1-9-gc5326a611f (webtiles) character file.

Game seed: 7778506740881547077

15640 jondo1214 the Cleaver (level 12, -9/104 HPs)
             Began as a Hill Orc Fighter on Sept 14, 2021.
             Was an Elder of Beogh.
             Killed from afar by an ogre mage (19 damage)
             ... with a bolt of lightning
             ... on level 2 of the Orcish Mines.
             The game lasted 00:45:28 (9750 turns).

jondo1214 the Cleaver (Hill Orc Fighter)            Turns: 9750, Time: 00:45:28

Health: -9/104     AC: 21    Str: 30    XL:     12   Next: 29%
Magic:  18/18      EV:  5    Int: 14    God:    Beogh [****..]
Gold:   1280       SH: 19    Dex: 10    Spells: 11/11 levels left

rFire    . . .     SeeInvis .   h - +3 hand axe (vorpal)
rCold    + . .     Gourm    .   v - +0 tower shield
rNeg     . . .     Faith    +   l - +1 plate armour
rPois    .         Spirit   .   m - +1 helmet
rElec    .         Reflect  .   x - +0 cloak
rCorr    .         Harm     .   J - +0 pair of gloves of Qazlal's Envy {rC+ MR- Slay+5}
MR       .....                  y - +0 pair of boots
Stlth    ..........             d - amulet of faith
HPRegen  0.27/turn              a - +6 ring of strength
MPRegen  0.16/turn              b - +6 ring of intelligence

@: marked
A: no striking features
a: Smiting, Recall Orcish Followers, Renounce Religion


You were on level 2 of the Orcish Mines.
You worshipped Beogh.
Beogh was greatly pleased with you.
You were hungry.

You visited 2 branches of the dungeon, and saw 11 of its levels.

You collected 1508 gold pieces.
You spent 228 gold pieces at shops.

Inventory:

Hand Weapons
 h - a +3 vorpal hand axe (weapon)
 C - the +1 hand crossbow "Zanag" {freeze, *Corrode rC+ Str+2 SInv}
   (You found it on level 5 of the Dungeon)

   It causes projectiles fired from it to freeze those they strike, causing
   extra injury to most foes and up to half again as much damage against
   particularly susceptible opponents.
   They can also slow down cold-blooded creatures.
   It affects your strength (+2).
   It protects you from cold.
   It lets you see invisible.
   It may corrode you when you take damage.
 G - a +0 flail of holy wrath
 H - a +0 broad axe
 K - the +10 dagger of Chaos {venom, rC+ Dex+6}
   (You found it on level 8 of the Dungeon)

   It poisons the flesh of those it strikes.
   It affects your dexterity (+6).
   It protects you from cold.
 T - a +2 scimitar of flaming
Missiles
 c - 21 curare-tipped darts (quivered)
 L - 23 poisoned darts
Armour
 k - a +0 pair of gloves
 l - a +1 plate armour (worn)
 m - a +1 helmet (worn)
 v - a +0 tower shield (worn)
 x - a +0 cloak (worn)
 y - a +0 pair of boots (worn)
 J - the +0 pair of gloves of Qazlal's Envy (worn) {rC+ MR- Slay+5}
   (You bought it in a shop on level 7 of the Dungeon)

   It affects your accuracy and damage with ranged weapons and melee attacks
   (+5).
   It protects you from cold.
   It affects your resistance to hostile enchantments.
 P - a +2 kite shield
Jewellery
 a - a +6 ring of strength (left hand)
 b - a +6 ring of intelligence (right hand)
 d - an amulet of faith (around neck)
 n - an uncursed ring of protection from cold
 E - an uncursed ring of protection from fire
Wands
 p - a wand of flame (25)
 F - a wand of disintegration (11)
 I - a wand of random effects (15)
 Q - a wand of paralysis (4)
 R - a wand of iceblast (10)
Scrolls
 j - 2 scrolls of fog
 o - 3 scrolls of remove curse
 s - 5 scrolls of amnesia
 t - 2 scrolls of fear
 u - 5 scrolls of teleportation
 z - a scroll of magic mapping
Potions
 e - 2 potions of brilliance
 g - 6 potions of flight
 i - a potion of invisibility
 q - a potion of resistance {unknown}
 r - a potion of magic {unknown}
 w - a potion of ambrosia {unknown}
 A - 2 potions of berserk rage
 B - 3 potions of mutation
 D - a potion of curing
 N - a potion of stabbing {unknown}
Miscellaneous
 M - a tin of tremorstones (3/3)
 O - a lightning rod (4/4)
Comestibles
 f - 17 rations


   Skills:
 * Level 9.1 Fighting
 * Level 13.7(13.8) Axes
 + Level 2.3(8.0) Maces & Flails
 * Level 7.9 Armour
 + Level 1.0 Dodging
 * Level 11.1 Shields
 * Level 8.4 Invocations
 * Level 6.1 Evocations


You had 11 spell levels left.
You didn't know any spells.
Your spell library contained the following spells:

 Spells                   Type           Power        Failure   Level  Hunger
 Corona                   Hex            #......      100%        1    ##.....
 Infusion                 Chrm           #...         100%        1    ##.....
 Sting                    Tmut/Pois      #...         100%        1    ##.....
 Call Imp                 Summ           #.......     100%        2    ###....
 Shroud of Golubria       Chrm/Tloc      #.....       100%        2    ###....
 Slow                     Hex            #.......     100%        2    ###....
 Song of Slaying          Chrm           #.......     100%        2    ###....
 Inner Flame              Hex/Fire       #.......     100%        3    ####...
 Ozocubu's Armour         Chrm/Ice       #.......     100%        3    ####...
 Portal Projectile        Hex/Tloc       #.....       100%        3    ####...
 Spectral Weapon          Hex/Chrm       #.......     100%        3    ####...
 Stone Arrow              Conj/Erth      #.....       100%        3    ####...
 Summon Guardian Golem    Hex/Summ       #.......     100%        3    ####...
 Cause Fear               Hex            #.........   100%        4    #####..
 Ice Form                 Ice/Tmut       #.......     100%        4    #####..
 Leda's Liquefaction      Hex/Erth       #.........   100%        4    #####..
 Petrify                  Tmut/Erth      #.......     100%        4    #####..
 Summon Ice Beast         Ice/Summ       #.......     100%        4    #####..
 Metabolic Englaciation   Hex/Ice        #.........   100%        5    ######.
 Yara's Violent Unravell  Hex/Tmut       #.........   100%        5    ######.
 Conjure Ball Lightning   Conj/Air       #.........   100%        6    #######
 Freezing Cloud           Conj/Ice/Air   #.........   100%        6    #######
 Ozocubu's Refrigeration  Ice            #.........   100%        6    #######
 Simulacrum               Ice/Necr       #.........   100%        6    #######


Dungeon Overview and Level Annotations

Branches:
Dungeon (9/15)             Temple (0/1) D:7            Lair (0/6) D:9
    Orc (2/2) D:9             Elf (0/3) Orc:2

Altars:
Ashenzari
Cheibriados
Dithmenos
Gozag
Hepliaklqana
Kikubaaqudgha
Qazlal
Wu Jian
Zin
The Shining One
Beogh

Shops:
D:7 [(*[=   D:8 *   Orc:2 [

Annotations:
Orc:2 3 runed translucent doors, fitz's ghost, adept GrFi; jurchenman's ghost, journeyman MiFi; tsbored's ghost, journeyman GrEE


Message History

The ogre mage closely misses your orc wizard.
Your orc priest hits the two-headed ogre but does no damage.
The troll bites your orc wizard but does no damage.
The troll claws your orc wizard. The troll claws your orc wizard!
Your orc warrior hits the two-headed ogre with a +0 flail!
The two-headed ogre hits your orc warrior with a +0 giant spiked club!!
The two-headed ogre hits your orc warrior with a +0 giant club!
Your orc warrior dies!
Your orc warrior hits the two-headed ogre with a +0 hand axe!
Your orc warrior closely misses the two-headed ogre.
The troll bites you!
* * * LOW HITPOINT WARNING * * *
You block the troll's attack. The troll claws you.
* * * LOW HITPOINT WARNING * * *
The two-headed ogre hits your orc wizard with a +0 giant club!
Your orc wizard dies!
The two-headed ogre shouts in stereo!
The ogre mage gestures at you while chanting.
The bolt of lightning hits you!!
You die...

##o.... ..#....## ##.o....
........## #.......
#........# ###o......
..#......## #####.........
.O.O..O...###.##..........
.O....OO.##...............
...OOTTT##.o............##
...OTOO).@oo#........>..##
..T.TO#OOo..#.#....)......
∩...TOO)o.................
.C....#.....#.............
.......##.#####..##)......
....... #.. ####........
....... .... ##.).....
...... ...## #.......
##......


You could see 7 two-headed ogres, an ogre mage (fast), 2 deep trolls, 5 trolls,
4 ogres, 2 friendly orc warriors, a friendly orc priest and 2 friendly orcs.

Vanquished Creatures
  A stone giant (Orc:1)
  An ettin (Orc:2)
  A centaur warrior (D:9)
  2 two-headed ogres
  Erica (Orc:1)
  Sonja (Orc:1)
  The ghost of ahrsahrtis the Thaumaturge, a novice DECj of Sif Muna (D:7)
  A cyclops (D:9)
  A deep elf mage (D:9)
  An orc sorcerer (D:9)
  Maggie (D:9)
  A kobold demonologist (D:9)
  2 trolls
  3 hippogriffs (D:9)
  A vampire (D:9)
  A wyvern (D:9)
  A spriggan (D:7)
  A yak (D:7)
  Edmund (D:6)
  A water moccasin (D:9)
  An acid dragon (D:9)
  A hornet zombie (D:8)
  5 sky beasts
  An ice beast (D:8)
  A black bear (D:7)
  5 orc warriors
  A necrophage (D:9)
  8 ogres
  2 centaurs
  3 bullfrogs
  A wyvern skeleton (D:8)
  5 scorpions
  6 killer bees (D:7)
  11 wights
  An electric eel (D:9)
  4 howler monkeys
  2 crimson imps (D:8)
  2 quasits (D:8)
  3 centaur skeletons
  7 orc priests
  2 bullfrog skeletons
  2 bullfrog zombies
  6 orc wizards
  Crazy Yiuf (D:5)
  7 hounds
  2 iguanas
  8 jellies
  10 worker ants
  A killer bee zombie (D:9)
  A hound skeleton (D:5)
  A worker ant zombie (D:9)
  Robin (D:2)
  6 gnolls
  2 howler monkey skeletons
  5 adders
  3 shadow imps
  An adder zombie (D:9)
  An adder skeleton (D:6)
  2 worms
  2 leopard geckos
  20 orcs
  A bat zombie (D:2)
  5 giant cockroaches
  21 goblins
  9 hobgoblins
  21 jackals
  6 quokkas
  4 ball pythons
  9 bats
  4 frilled lizards
  6 kobolds
  5 rats
  4 rat zombies (D:2)
273 creatures vanquished.

Vanquished Creatures (collateral kills)
  An orc high priest (Orc:2)
  An orc sorcerer (Orc:2)
  A troll (Orc:2)
  A warg (Orc:2)
  2 orc warriors
  4 ogres
  A gnoll sergeant (Orc:2)
  An orc wizard (Orc:2)
  2 gnolls (Orc:2)
14 creatures vanquished.

Vanquished Creatures (others)
  2 orc warriors
  5 orc wizards
  5 orcs
  An orc priest (Orc:2)
  A dart slug (D:3)
  3 jackals (D:3)
  3 toadstools (D:4)
20 creatures vanquished.

Grand Total: 307 creatures vanquished

Notes
Turn   | Place    | Note
-------+----------+-------------------------------------------
     0 | D:1      | jondo1214 the Hill Orc Fighter began the quest for the Orb.
     0 | D:1      | Reached XP level 1. HP: 19/19 MP: 1/1
    58 | D:1      | Reached XP level 2. HP: 22/27 MP: 2/2
   128 | D:1      | Reached skill level 3 in Axes
   292 | D:1      | Reached XP level 3. HP: 33/33 MP: 3/3
   912 | D:2      | Reached XP level 4. HP: 40/40 MP: 4/4
   960 | D:2      | Reached skill level 4 in Axes
  1054 | D:2      | Found a glowing golden altar of the Shining One.
  1175 | D:2      | Noticed Robin
  1179 | D:2      | Reached XP level 5. HP: 42/47 MP: 5/5
  1198 | D:2      | Killed Robin
  1343 | D:2      | Found an ancient bone altar of Kikubaaqudgha.
  1856 | D:3      | Became a worshipper of Beogh the Brigand
  2504 | D:4      | Reached skill level 5 in Fighting
  2504 | D:4      | Reached skill level 5 in Axes
  2504 | D:4      | Reached XP level 6. HP: 6/56 MP: 6/6
  2556 | D:4      | HP: 2/56 [orc/+2 vorpal hand axe (1)]
  2920 | D:4      | Reached skill level 1 in Invocations
  2937 | D:4      | Found a shattered altar of Ashenzari.
  3039 | D:4      | Reached skill level 1 in Evocations
  3116 | D:4      | Reached * piety under Beogh
  3343 | D:4      | Reached XP level 7. HP: 53/61 MP: 8/8
  3814 | D:5      | Entered Level 5 of the Dungeon
  3876 | D:5      | Reached skill level 6 in Axes
  4013 | D:5      | Got a scorched hand crossbow
  4014 | D:5      | Identified the cursed +1 hand crossbow "Zanag" {freeze,
                  | *Corrode rC+ Str+2 SInv} (You found it on level 5 of the
                  | Dungeon)
  4117 | D:5      | Reached skill level 5 in Shields
  4131 | D:5      | Found a stormy altar of Qazlal.
  4199 | D:5      | Found a runed translucent door.
  4200 | D:5      | Noticed Crazy Yiuf
  4210 | D:5      | Killed Crazy Yiuf
  4657 | D:5      | Reached skill level 7 in Axes
  4657 | D:5      | Reached skill level 5 in Armour
  4657 | D:5      | Reached XP level 8. HP: 69/69 MP: 10/10
  4934 | D:6      | Reached ** piety under Beogh
  4946 | D:6      | Reached skill level 8 in Axes
  5318 | D:6      | Noticed Edmund
  5340 | D:6      | Killed Edmund
  5354 | D:6      | Reached XP level 9. HP: 63/75 MP: 11/11
  5499 | D:6      | Reached skill level 9 in Axes
  5859 | D:7      | Found Inloteg's Antique Armour Emporium.
  5976 | D:7      | Found a runed translucent gate.
  5976 | D:7      | Found a runed translucent gate.
  5979 | D:7      | Found a runed translucent gate.
  5980 | D:7      | Noticed ahrsahrtis's ghost (novice DECj)
  6034 | D:7      | Found Cupn's Armour Boutique.
  6105 | D:7      | Found a staircase to the Ecumenical Temple.
  6236 | D:7      | Found Ciugashe's Jewellery Shop.
  6296 | D:7      | Found Lukutoat's Weapon Emporium.
  6440 | D:7      | Found Ziwatzil's Assorted Antiques.
  6440 | D:7      | Found a snail-covered altar of Cheibriados.
  6445 | D:7      | Bought a pair of shimmering gloves for 228 gold pieces
  6455 | D:7      | Identified the +0 pair of gloves of Qazlal's Envy {rC+ MR-
                  | Slay+5} (You bought it in a shop on level 7 of the Dungeon)
  6489 | D:7      | Reached skill level 10 in Axes
  6528 | D:7      | Reached *** piety under Beogh
  6539 | D:7      | Killed ahrsahrtis's ghost
  6546 | D:7      | Reached skill level 5 in Invocations
  6546 | D:7      | Reached XP level 10. HP: 51/84 MP: 13/13
  6854 | D:8      | Noticed a two-headed ogre
  6867 | D:8      | Killed a two-headed ogre
  6867 | D:8      | Reached skill level 11 in Axes
  7296 | D:8      | Got an ichor-stained dagger
  7307 | D:8      | Found Igrocun's Assorted Antiques.
  7347 | D:9      | Found a staircase to the Orcish Mines.
  7589 | D:9      | Reached **** piety under Beogh
  7594 | D:9      | Reached skill level 1 in Maces & Flails
  7603 | D:9      | Noticed a centaur warrior
  7609 | D:9      | Noticed a two-headed ogre
  7620 | D:9      | Killed a centaur warrior
  7620 | D:9      | Reached skill level 5 in Evocations
  7620 | D:9      | Reached XP level 11. HP: 55/93 MP: 15/15
  7628 | D:9      | Killed a two-headed ogre
  7628 | D:9      | Reached skill level 12 in Axes
  7637 | D:9      | Noticed a soul eater
  7646 | D:9      | Noticed an orc sorcerer
  7648 | D:9      | Noticed a deep elf mage
  7666 | D:9      | Killed an orc sorcerer
  7682 | D:9      | Killed a deep elf mage
  7682 | D:9      | Reached skill level 10 in Shields
  8029 | D:9      | Identified Sif Muna's Volume of Arcane Weapons and Shape
                  | Shifting
  8128 | D:9      | Identified the +10 dagger of Chaos {venom, rC+ Dex+6} (You
                  | found it on level 8 of the Dungeon)
  8156 | D:9      | Noticed Maggie
  8178 | D:9      | Killed Maggie
  8451 | D:9      | Found a staircase to the Lair.
  8482 | D:9      | Found a shadowy altar of Dithmenos.
  8532 | D:9      | Identified the Incunabulum of Karma
  8660 | D:9      | Noticed a cyclops
  8672 | D:9      | Killed a cyclops
  8707 | D:9      | Found an ornate altar of the Wu Jian Council.
  8711 | D:9      | Found a shattered altar of Ashenzari.
  8714 | D:9      | Found a hazy altar of Hepliaklqana.
  8718 | D:9      | Found a glowing silver altar of Zin.
  8719 | D:9      | Found an opulent altar of Gozag.
  8772 | Orc:1    | Entered Level 1 of the Orcish Mines
  8794 | Orc:1    | Found a roughly hewn altar of Beogh.
  8813 | Orc:1    | Noticed a stone giant
  8814 | Orc:1    | Noticed Sonja
  8823 | Orc:1    | Noticed Erica
  8839 | Orc:1    | Killed Sonja
  8846 | Orc:1    | Killed Erica
  8846 | Orc:1    | Reached skill level 13 in Axes
  8847 | Orc:1    | Killed a stone giant
  8847 | Orc:1    | Reached skill level 1 in Dodging
  9129 | Orc:1    | Reached XP level 12. HP: 103/103 MP: 18/18
  9259 | Orc:2    | Entered Level 2 of the Orcish Mines
  9306 | Orc:2    | Noticed an ettin
  9309 | Orc:2    | Found a runed translucent gate.
  9309 | Orc:2    | Found a runed translucent gate.
  9309 | Orc:2    | Found a runed translucent gate.
  9317 | Orc:2    | Killed an ettin
  9318 | Orc:2    | Found a staircase to the Elven Halls.
  9327 | Orc:2    | Noticed tsbored's ghost (journeyman GrEE)
  9327 | Orc:2    | Noticed jurchenman's ghost (journeyman MiFi)
  9327 | Orc:2    | Noticed fitz's ghost (adept GrFi)
  9411 | Orc:2    | Paralysed by an orc sorcerer for 5 turns
  9417 | Orc:2    | Noticed an orc high priest
  9425 | Orc:2    | Killed an orc high priest
  9736 | Orc:2    | Noticed a two-headed ogre
  9736 | Orc:2    | Noticed a two-headed ogre
  9737 | Orc:2    | Noticed a two-headed ogre
  9737 | Orc:2    | Noticed a two-headed ogre
  9737 | Orc:2    | Noticed an ogre mage
  9738 | Orc:2    | Noticed a two-headed ogre
  9741 | Orc:2    | Noticed a two-headed ogre
  9743 | Orc:2    | Noticed a two-headed ogre
  9743 | Orc:2    | Noticed a two-headed ogre
  9745 | Orc:2    | Found Tura's Antique Armour Emporium.
  9750 | Orc:2    | Killed from afar by an ogre mage

Illustrated notes

Levels and vault maps discovered:
D:1:      wander_arrival_estate, layout_basic, minivault_11,
          chequers_serial_rivers_micro_e
D:2:      layout_loops_cross, lemuel_zombie_altar_kikubaaqudgha,
          lemuel_crystal_altar, uniq_robin
D:3:      layout_basic, first_ration, grunt_ministairs_3
D:4:      layout_layer_cave, minmay_gold_behind_fungi, ashenzari_altar_1
D:5:      minmay_evil_eye, layout_cave_pods, nicolae_qazlal_eye_of_the_storm,
          serial_glass, glass_columns_c, glass_columns_a,
          uniq_crazy_yiuf_cottage
D:6:      layout_rooms, uniq_edmund
D:7:      layout_gridville, cheibriados_altar_1, temple_doors_cd, serial_shops,
          shop, kennysheep_mini, shop_fountains, shop,
          nicolae_shop_competitors_out_of_business, gammafunk_ghost_split,
          the_bakery
D:8:      layout_rooms, serial_shops, shop_fountains
D:9:      minmay_the_grid_4x2 [minmay_the_grid_large_cup,
          minmay_the_grid_square_x, minmay_the_grid_all_tris,
          minmay_the_grid_minigrid_small, minmay_the_grid_tri_star,
          minmay_the_grid_garden, minmay_the_grid_dragon_a,
          minmay_the_grid_prize_four_corners_diamond_a], layout_cave_pools,
          minitemple, dpeg_oklobed_lair, orc_0_dummy, basic_altar,
          lightli_minifort, uniq_maggie
Orc:1:    layout_caves, mines2_david, uniq_sonja, uniq_erica
Orc:2:    st_orc_open, layout_diamond_mine, gammafunk_ghost_cemetery

Skill      XL: |  1  2  3  4  5  6  7  8  9 10 11 12 |
---------------+-------------------------------------+-----
Axes           | 3 4 5 7 8 10 11 13 | 13.7
Fighting       | 4 5 6 7 8 9 |  9.1
Shields        | 4 5 6 8 9 10 11 | 11.1
Armour         | 4 5 6 7 |  7.9
Invocations    | 1 2 3 5 6 8 |  8.4
Evocations     | 1 3 4 5 6 |  6.1
Maces & Flails | 1 2 |  2.3
Dodging        | 1 |  1.0

Action                   |  1- 3 |  4- 6 |  7- 9 | 10-12 || total
-------------------------+-------+-------+-------+-------++-------
Melee: War axe           |   128 |   168 |       |       ||   296
       Hand axe          |       |    30 |   280 |   282 ||   592
       Flail             |       |       |    33 |    29 ||    62
Invok: Convert to Beogh  |       |     1 |       |       ||     1
       Smiting           |       |       |     1 |     7 ||     8
Evoke: Wand              |       |       |     1 |       ||     1
  Use: Scroll            |     3 |    10 |     9 |     1 ||    23
       Potion            |       |     4 |     4 |     4 ||    12
  Eat: Chunk             |       |     8 |     5 |     9 ||    22
       Ration            |       |       |     2 |       ||     2
Armor: Scale mail        |    72 |    33 |       |       ||   105
       Chain mail        |       |    65 |    65 |       ||   130
       Plate armour      |       |       |   119 |   128 ||   247
Dodge: Dodged            |    35 |    28 |    45 |    37 ||   145
Block: Kite shield       |    79 |    62 |       |       ||   141
       Tower shield      |       |    55 |   309 |   279 ||   643
